 Dungeon Crawl Stone Soup version v3.33-hellcrawl-189-gd9da4bb (webtiles) character file.

6 Cecillian the Quickloader (level 8, -2/65 HPs) *CASUAL*
             Began as a Demonspawn Hunter on Oct 7, 2017.
             Was an Initiate of Dithmenos.
             Slain by a blink frog skeleton (9 damage)
             ... on level 5 of the Dungeon.
             The game lasted 00:06:00 (4467 turns).

Cecillian the Quickloader (Demonspawn Hunter)       Turns: 4467, Time: 00:06:00

Health: -2/65      AC:  9 (24%)Str: 14  XL:     8   Next: 92%
Magic:  8/8        EV: 17    Int: 12    God:    Dithmenos [0*[24]]
Gold:   224        SH:  0    Dex: 15    Spells: 7/7 levels left

rFire    . . .     SeeInvis .   k - +0 dagger (venom)
rCold    . . .     Faith    .   (no shield)
rNeg     . . .     Spirit   .   o - +0 ring mail
rPois    .         Reflect  .   (helmet restricted)
rElec    .                      (no cloak)
rCorr    .                      i - +0 pair of gloves
MR       .....                  h - +0 pair of boots
Stlth    ++........             (no amulet)
Regen    0.2/turn               j - +6 ring of evasion
MPRegen  0.2/turn               (no ring)

@: no status effects
A: horns 1, molten scales 1, nightstalker 1, powered by death 2
a: Renounce Religion


You were on level 5 of the Dungeon.
You worshipped Dithmenos.
Dithmenos was noncommittal.
You were not hungry.

You visited 1 branch of the dungeon, and saw 5 of its levels.

You collected 224 gold pieces.

Inventory:

Hand Weapons
 a - a +1 hand crossbow
 k - a +0 dagger of venom (weapon)
Missiles
 c - 135 tomahawks
 d - 119 bolts
 f - 1274 stones (quivered)
 g - 8 frenzy darts
Armour
 h - a +0 pair of boots (worn)
 i - a +0 pair of gloves (worn)
 o - a +0 ring mail (worn)
Jewellery
 j - a +6 ring of evasion (left hand)
Wands
 q - a wand of acid (4)
Scrolls
 e - a scroll of fear
 p - a scroll of magic mapping
Potions
 b - a potion of ambrosia
 m - a potion of haste
 n - a potion of resistance


   Skills:
 + Level 6.7 Fighting
 * Level 9.2 Crossbows
 - Level 2.4 Armour
 - Level 1.7 Dodging
 - Level 0.8 Stealth


You had 7 spell levels left.
You didn't know any spells.

Dungeon Overview and Level Annotations

Branches:
Dungeon (5/15)

Altars:
Cheibriados
Dithmenos
Elyvilon
Hepliaklqana
Kikubaaqudgha
Makhleb
Nemelex Xobeh
Okawaru
Ru
Sif Muna
Trog
Uskayaw
Xom
Yredelemnul
The Shining One


Innate Abilities, Weirdness & Mutations

You have a pair of small horns on your head.
You are partially covered in molten scales. (AC +2)
You are slightly more attuned to the shadows.
You regenerate health from kills.


Message History

The water moccasin skeleton bites you but does no damage.
The blink frog skeleton hits you (3).
* * * LOW HITPOINT WARNING * * *
The quokka completely misses you.
The gnoll sergeant hits you from afar with a +0 spear (5).
* * * LOW HITPOINT WARNING * * *
You hit the water moccasin skeleton (2).
The water moccasin skeleton is almost destroyed.
The gnoll hits you but does no damage. The quokka barely misses you.
The water moccasin skeleton bites you but does no damage.
The blink frog skeleton closely misses you.
The gnoll hits you but does no damage.
The gnoll sergeant hits you but does no damage.
Unknown command.
You hit the water moccasin skeleton (3).
The water moccasin skeleton is almost destroyed.
The quokka bites you but does no damage.
The water moccasin skeleton bites you but does no damage.
The blink frog skeleton hits you (9)!
You die...

#...# #...## ....#
#)..#
.###########...##
................#
.......gg.......##
.....grZgg.......##
#####@#######....##
#Z# #..g..## #.#
#g.....# #.+
+...$...# ###
#.........
#........!
#........#
.........#
..........#


You could see a gnoll sergeant, 4 gnolls, a quokka, a water moccasin skeleton
and a blink frog skeleton.

Vanquished Creatures
  Pikel (D:4)
  An ogre (D:4)
  2 scorpions (D:3)
  2 orc priests
  3 worker ants
  3 adders
  2 oozes
  An adder skeleton (D:4)
  3 dart slugs
  11 orcs
  7 quokkas
  2 ball pythons
  3 giant cockroaches (D:1)
  7 hobgoblins
  7 jackals
  9 bats
  3 frilled lizards
  6 goblins
  9 kobolds
  9 rats
91 creatures vanquished.

Vanquished Creatures (others)
  A hound (D:4)
  An adder (D:4)
  A dart slug (D:4)
  A quokka (D:4)
  A ball python (D:4)
5 creatures vanquished.

Grand Total: 96 creatures vanquished

Notes
Turn   | Place    | Note
-------+----------+-------------------------------------------
     0 | D:1      | Cecillian the Demonspawn Hunter began the quest for the Orb.
     0 | D:1      | Reached XP level 1. HP: 16/16 MP: 1/1
    58 | D:1      | Reached skill level 1 in Armour
    58 | D:1      | Gained mutation: You are partially covered in molten scales. (AC +2) [demonic ancestry]
    58 | D:1      | Reached XP level 2. HP: 22/22 MP: 2/2
   400 | D:1      | Gained mutation: You regenerate a little health from kills. [demonic ancestry]
   400 | D:1      | Reached XP level 3. HP: 26/28 MP: 3/3
   963 | D:1      | Gained mutation: You regenerate health from kills. [demonic ancestry]
   963 | D:1      | Reached XP level 4. HP: 33/34 MP: 4/4
  1420 | D:2      | Reached skill level 4 in Crossbows
  1469 | D:2      | Found a snail-covered altar of Cheibriados.
  1713 | D:2      | Reached XP level 5. HP: 41/41 MP: 5/5
  1769 | D:2      | Found a faded altar of an unknown god.
  2123 | D:3      | Found a basalt altar of Yredelemnul.
  2198 | D:3      | Reached skill level 5 in Crossbows
  2218 | D:3      | Gained mutation: You are slightly more attuned to the shadows. [demonic ancestry]
  2218 | D:3      | Reached XP level 6. HP: 29/48 MP: 6/6
  2655 | D:3      | Reached skill level 6 in Crossbows
  2712 | D:3      | Reached XP level 7. HP: 55/55 MP: 7/7
  2745 | D:3      | Found an ancient bone altar of Kikubaaqudgha.
  2745 | D:3      | Found a burning altar of Makhleb.
  2745 | D:3      | Found a deep blue altar of Sif Muna.
  2745 | D:3      | Found a hazy altar of Hepliaklqana.
  2745 | D:3      | Found a bloodstained altar of Trog.
  2745 | D:3      | Found a glowing golden altar of the Shining One.
  2749 | D:3      | Found a sacrificial altar of Ru.
  2749 | D:3      | Found a shadowy altar of Dithmenos.
  2826 | D:3      | Became a worshipper of Dithmenos the Shadowed
  2946 | D:4      | Noticed Pikel
  3114 | D:4      | Killed Pikel
  3114 | D:4      | Reached skill level 8 in Crossbows
  3114 | D:4      | Gained mutation: You have a pair of small horns on your head. [demonic ancestry]
  3114 | D:4      | Reached XP level 8. HP: 19/64 MP: 8/8
  3217 | D:4      | Found a shimmering altar of Xom.
  3218 | D:4      | Found a hide-covered altar of Uskayaw.
  3285 | D:4      | Found a white marble altar of Elyvilon.
  3432 | D:4      | Found an iron altar of Okawaru.
  3529 | D:4      | Reached skill level 9 in Crossbows
  3956 | D:4      | Found a sparkling altar of Nemelex Xobeh.
  4429 | D:5      | Entered Level 5 of the Dungeon
  4464 | D:5      | HP: 3/65 [blink frog skeleton (11)]
  4467 | D:5      | Slain by a blink frog skeleton

Skill      XL: |  1  2  3  4  5  6  7  8 |
---------------+-------------------------+-----
Armour         | 1 2 |  2.4
Crossbows      | 4 5 6 8 9 |  9.2
Fighting       | 3 4 6 |  6.7
Dodging        | |  1.7
Stealth        | |  0.8

Action                   |  1- 3 |  4- 6 |  7- 9 || total
-------------------------+-------+-------+-------++-------
Melee: Dagger            |   133 |   196 |    69 ||   398
       Headbutt          |       |       |    15 ||    15
 Fire: Hand crossbow     |    15 |     5 |    21 ||    41
  Use: Potion            |       |       |     1 ||     1
 Stab: Sleeping          |     1 |     3 |     1 ||     5
Armor: Leather armour    |    52 |    55 |       ||   107
       Ring mail         |       |     3 |    43 ||    46
Dodge: Dodged            |    91 |   166 |   126 ||   383
